 Dungeon Crawl Stone Soup version 0.27-a0-1281-ge233d83751 (webtiles) character file.

Game seed: 7399769745999433349

158 Ethylacetat the Chiller (level 5, -1/42 HPs)
             Began as a Naga Ice Elementalist on June 14, 2021.
             Was an Initiate of Vehumet.
             Killed by divine providence
             ... invoked by an orc priest
              (15 damage)
             ... on level 3 of the Dungeon.
             The game lasted 00:08:55 (2718 turns).

Ethylacetat the Chiller (Naga Ice Elementalist)     Turns: 2718, Time: 00:08:55

Health: -1/42      AC: 13    Str: 11    XL:     5   Next: 39%
Magic:  1/9        EV: 10    Int: 16    God:    Vehumet [......]
Gold:   91         SH:  0    Dex: 11    Spells: 3/10 levels left

rFire    . . .     SeeInvis +   b - +0 club
rCold    . . .     Faith    .   (no shield)
rNeg     . . .     Spirit   .   a - +0 robe
rPois    +         Reflect  .   (no helmet)
rElec    .         Harm     .   (no cloak)
rCorr    .         Rampage  .   (no gloves)
Will     .....                  (no barding)
Stlth    ++........             (no amulet)
HPRegen  0.14/turn              c - +4 ring of protection
MPRegen  0.11/turn              (no ring)

@: ice-armoured, very slow
A: AC +1, large, see invisible, deformed body, poison resistance, slowness 2,
spit poison 1, naga tail 1
a: Spit Poison, Renounce Religion


You were on level 3 of the Dungeon.
You worshipped Vehumet.
Vehumet was noncommittal.
You visited 1 branch of the dungeon, and saw 3 of its levels.

You collected 91 gold pieces.

Inventory:

Hand Weapons
 b - a +0 club (weapon)
Armour
 a - a +0 robe (worn)
Jewellery
 c - a +4 ring of protection (left hand)
Wands
 e - a wand of acid (8)
Scrolls
 d - 2 scrolls of teleportation {unknown}
 f - a scroll of silence {unknown}
 g - a scroll of amnesia {unknown}
 j - a scroll of identify {unknown}
Potions
 h - a potion of curing
 i - a potion of heal wounds {unknown}
 k - a potion of ambrosia {unknown}


   Skills:
 - Level 0.1 Fighting
 - Level 0.2 Maces & Flails
 - Level 1.8 Dodging
 - Level 3.3 Stealth
 - Level 0.5 Unarmed Combat
 + Level 3.1 Spellcasting
 + Level 5.5 Ice Magic


You had 3 spell levels left.
You knew the following spells:

 Your Spells              Type           Power      Damage    Failure   Level
a - Freeze                Ice            80%        1d9       1%          1
b - Frozen Ramparts       Ice            40%        1d6       5%          3
c - Ozocubu's Armour      Ice            20%        N/A       5%          3

Your spell library contained the following spells:

 Spells                   Type           Power      Damage    Failure   Level
 Ensorcelled Hibernation  Hex/Ice        22%        N/A       9%          2
 Corona                   Hex            2%         N/A       19%         1
 Confusing Touch          Hex            2%         N/A       50%         3
 Dazzling Flash           Conj/Hex       4%         N/A       50%         3
 Tukima's Dance           Hex            2%         N/A       50%         3
 Hailstorm                Conj/Ice       11%        3d5       52%         4
 Metabolic Englaciation   Hex/Ice        5%         N/A       86%         5


Dungeon Overview and Level Annotations

Branches:
Dungeon (3/15)

Altars:
Uskayaw
Vehumet


Innate Abilities, Weirdness & Mutations

Your serpentine skin is tough. (AC +1)
You have supernaturally acute eyesight. (SInv)
Armour fits poorly on your strangely shaped body.
Your system is resistant to poisons. (rPois)
You cover ground very slowly.
You can spit poison.
You have a snake-like lower body.


Message History

Your Spellcasting skill increases to level 3!
You hear the rusting of a distant drain.
The wall freezes the orc.
You barely miss the orc.
The orc is heavily wounded.
The frozen ramparts melt away.
The orc hits you with a +0 dagger.
Casting: Ozocubu's Armour (dangerous; 6% risk of failure)
Confirm with . or Enter, or press ? or * to list all spells.
Casting: Frozen Ramparts (dangerous; 6% risk of failure)
Press: ? - help, Dir - look around, f - activate The walls around you are covered in ice.
The wall freezes the orc.
The orc priest mumbles some strange prayers to Beogh against you.
Beogh smites you!
The wall freezes the hobgoblin.
The wall freezes the orc.
The orc hits you but does no damage.
You hit the orc.
You kill the orc!
Vehumet accepts your kill.
The wall freezes the orc.
The wall freezes the hobgoblin.
You kill the hobgoblin!
Vehumet accepts your kill.
You closely miss the orc.
The orc is almost dead.
The wall freezes the orc.
You kill the orc!
Vehumet accepts your kill.
Your icy armour and frozen ramparts will break if you move.
Continue?
Okay, then.
The wall freezes the orc priest.
The orc priest calls down the wrath of Beogh upon you.
Beogh smites you!
* * * LOW HITPOINT WARNING * * *
The wall freezes the orc priest.
It was a potion of curing.
You feel better.
The wall freezes the orc priest.
You barely miss the orc priest.
The orc priest is almost dead.
The frozen ramparts melt away.
The orc priest mumbles some strange prayers to Beogh against you.
Beogh smites you!
You die...

.....####### .....#
....... .....#
.........# ######
.......... ####
##..........
○..##...........
.°†#............ .
☼.○.<..#####+#'#####....
.○○.>........#..@o)†....
☼..###.#####...#######..
........# ###.........
#.##.#..# #...######
#....#..# #.....#
#.......# #.###.#
#.#####.#####.#...## #..
#.....#.##...#
###.######....##...#


You could see an orc priest.

Vanquished Creatures
  Jessica (D:2)
  An orc wizard (D:3)
  Terence (D:2)
  An adder (D:3)
  A worm (D:2)
  4 dart slugs
  4 orcs (D:3)
  8 endoplasms
  3 giant cockroaches
  5 hobgoblins
  3 jackals (D:1)
  4 kobolds
  4 quokkas
  4 ball pythons
  4 bats (D:1)
  3 frilled lizards
  3 goblins
  6 rats
60 creatures vanquished.

Notes
Turn   | Place    | Note
-------+----------+-------------------------------------------
     0 | D:1      | Ethylacetat the Naga Ice Elementalist began the quest for
                  | the Orb.
     0 | D:1      | Reached XP level 1. HP: 15/15 MP: 3/3
   369 | D:1      | Found a faded altar of an unknown god.
   383 | D:1      | Became a worshipper of Uskayaw the Reveller
   383 | D:1      | Reached * piety under Uskayaw
   393 | D:1      | Reached ** piety under Uskayaw
   398 | D:1      | Reached XP level 2. HP: 20/22 MP: 5/5
   405 | D:1      | Fell from the grace of Uskayaw
  1071 | D:1      | Reached XP level 3. HP: 28/28 MP: 3/6
  1410 | D:2      | Noticed Jessica
  1417 | D:2      | Killed Jessica
  1418 | D:2      | Reached XP level 4. HP: 36/36 MP: 7/7
  1441 | D:2      | Reached skill level 5 in Ice Magic
  1490 | D:2      | Learned a level 3 spell: Frozen Ramparts
  1494 | D:2      | Learned a level 3 spell: Ozocubu's Armour
  1712 | D:2      | Noticed Terence
  1719 | D:2      | Killed Terence
  2561 | D:3      | Found a radiant altar of Vehumet.
  2567 | D:3      | Became a worshipper of Vehumet
  2651 | D:3      | Reached XP level 5. HP: 42/42 MP: 4/9
  2715 | D:3      | HP: 2/42 [orc priest/divine providence (11)]
  2718 | D:3      | Killed from afar by an orc priest

Illustrated notes

Levels and vault maps discovered:
D:1:      eino_arrival_water_cross, layout_basic,
          hellmonk_ecumenical_altar_pennies_from_heaven
D:2:      kennysheep_six_static_rooms, layout_basic, uniq_jessica, uniq_terence
D:3:      layout_basic, fiery_altar_vehumet, cheibrodos_sewer_entry_drain,
          hangedman_decor_growths, minivault_24, uniq_grinder

Skill      XL: |  1  2  3  4  5 |
---------------+----------------+-----
Ice Magic      | 5 |  5.5
Spellcasting   | 3 |  3.1
Fighting       | |  0.1
Maces & Flails | |  0.2
Dodging        | |  1.8
Stealth        | |  3.3
Unarmed Combat | |  0.5

Action                   |  1- 3 |  4- 6 || total
-------------------------+-------+-------++-------
Melee: Unarmed           |    17 |       ||    17
       Club              |    17 |    49 ||    66
 Cast: Freeze            |    15 |     1 ||    16
       Frozen Ramparts   |       |     7 ||     7
       Ozocubu's Armour  |       |     1 ||     1
Invok: Renounce Religion |     1 |       ||     1
 Abil: Spit Poison       |    17 |    24 ||    41
  Use: Potion            |       |     1 ||     1
 Stab: Sleeping          |       |     1 ||     1
Armor: Robe              |     4 |    17 ||    21
Dodge: Dodged            |    18 |    19 ||    37

Table legend: (Time is in decaauts)
 A = Elapsed time spent in this place.
 B = Non-inter-level travel time spent in this place.
 C = Inter-level travel time spent in this place.
 D = Time resting spent in this place.
 E = Time spent auto-exploring this place.
 F = Levels seen in this place.
 G = Mean time per level.
                   A        B        C        D        E       F      G
               +--------+--------+--------+--------+--------+-----+--------+
         Total |   3333 |   3196 |    137 |      0 |   2598 |   3 | 1111.0 |
       Dungeon |   3333 |   3196 |    137 |      0 |   2598 |   3 | 1111.0 |
               +--------+--------+--------+--------+--------+-----+--------+

Top non-repeatable levels by time:
     D:1: 1653 daAuts
     D:2: 1469 daAuts
     D:3: 210 daAuts
